 Dungeon Crawl Stone Soup version 0.27-a0-1140-g099f9bb0e8 (webtiles) character file.

Game seed: 11486585846779105784

231 porpoise the Magician (level 6, -3/47 HPs)
             Began as a Djinni Venom Mage on May 10, 2021.
             Killed from afar by Sigmund (4 damage)
             ... with a magic dart
             ... on level 3 of the Dungeon.
             The game lasted 00:10:56 (3753 turns).

porpoise the Magician (Djinni Venom Mage)           Turns: 3753, Time: 00:10:56

Health: -3/47      AC:  4    Str:  7    XL:     6   Next: 3%
Gold:   131        EV: 12    Int: 18    God:
                   SH:  0    Dex: 14

rFire    + + .     SeeInvis .   a - +0 spear
rCold    x . .     Faith    .   (no shield)
rNeg     . . .     Spirit   .   j - +0 robe
rPois    ∞         Reflect  .   (no helmet)
rElec    .         Harm     .   k - +1 cloak {Will+}
rCorr    .         Rampage  .   (no gloves)
Will     +....                  (boots unavailable)
Stlth    ++........             (no amulet)
HPRegen  0.15/turn              (no ring)
MPRegen  0.00/turn              (no ring)

@: flying, very slightly contaminated
A: sickness immunity, fire resistance 2, cold vulnerability 1, float, innate
caster, hp casting, extra vitality 1
a: no special abilities


You were on level 3 of the Dungeon.
You visited 1 branch of the dungeon, and saw 3 of its levels.

You collected 131 gold pieces.

Inventory:

Hand Weapons
 a - a +0 spear (weapon)
Missiles
 b - 43 sling bullets
 d - 73 stones
 m - 7 poisoned darts
Armour
 j - a +0 robe (worn)
 k - a +1 cloak of willpower (worn)
Wands
 l - a wand of polymorph (12)
Scrolls
 c - 2 scrolls of identify {unknown}
 e - a scroll of fog {unknown}
 f - 2 scrolls of magic mapping {unknown}
 g - a scroll of immolation {unknown}
 o - 3 scrolls of teleportation {unknown}
Potions
 h - a potion of resistance {unknown}
 i - a potion of curing {unknown}
 n - a potion of magic {unknown}


   Skills:
 + Level 3.8 Fighting
 - Level 2.1 Dodging
 - Level 1.5 Stealth
 + Level 4.3 Spellcasting


You couldn't memorise any spells.
You knew the following spells:

 Your Spells              Type           Power      Damage    Failure   Level
a - Sting                 Tmut/Pois      76%        1d6       2%          1
i - Ignite Poison         Fire/Tmut/Pois 19%        N/A       7%          3
m - Mephitic Cloud        Conj/Pois/Air  19%        N/A       7%          3
o - Olgreb's Toxic Radia  Pois           19%        N/A       24%         4
p - Apportation           Tloc           38%        N/A       2%          1
v - Poisonous Vapours     Pois/Air       38%        N/A       3%          2
w - Slow                  Hex            19%        N/A       3%          2
Your spell library was empty.

Dungeon Overview and Level Annotations

Branches:
Dungeon (3/15)

Altars:

Annotations:
D:1 1 runed translucent door
D:3 Grinder, Sigmund


Innate Abilities, Weirdness & Mutations

You are immune to sickness and miasma.
You are immune to poison.
Your flesh is very heat resistant. (rF++)
You are vulnerable to cold. (rC-)
You float through the air rather than walking.
You learn spells naturally, not from books.
Your magical power is your life essence.
You have superior vitality. (+4 HP)


Message History

The spell is quite dangerous to cast (24% risk of failure)!
Continue anyway?
You miscast Olgreb's Toxic Radiance.
Nothing appears to happen.
Something hits you.
* * * LOW HITPOINT WARNING * * *
Casting: Olgreb's Toxic Radiance (quite dangerous; 24% risk of failure)
Confirm with . or Enter, or press ? or * to list all spells.
Aiming: Sting (safe; 2% risk of failure)
Press: ? - help, Shift-Dir - straight line The sting hits something.
* * * LOW HITPOINT WARNING * * *
Something hits you.
* * * LOW HITPOINT WARNING * * *
Unknown command.
Casting: Sting (safe; 2% risk of failure)
Confirm with . or Enter, or press ? or * to list all spells.
Aiming: Sting (safe; 2% risk of failure)
Press: ? - help, Shift-Dir - straight line
* * * LOW HITPOINT WARNING * * *
Something hits you.
* * * LOW HITPOINT WARNING * * *
Unknown command.
Casting: Sting (safe; 2% risk of failure)
Confirm with . or Enter, or press ? or * to list all spells.
Aiming: Sting (safe; 2% risk of failure)
Press: ? - help, Shift-Dir - straight line
* * * LOW HITPOINT WARNING * * *
Something hits you.
* * * LOW HITPOINT WARNING * * *
Unknown command.
Casting: Sting (safe; 2% risk of failure)
Confirm with . or Enter, or press ? or * to list all spells.
Aiming: Sting (safe; 2% risk of failure)
Press: ? - help, Shift-Dir - straight line The sting hits something.
* * * LOW HITPOINT WARNING * * *
Something completely misses you.
Unknown command.
A magic dart appears from out of thin air!
The magic dart hits you.
You die...

### ##.#### ..
###.....# ..#
....###.# ..# .####
#.## #..## .# #..#
##....# # ## ##.##
#..# .##.###
###..#####.###{......
# #..........@.††#
.##
#.###..##..###.......
...###..######...#
###.... .......##
#...# ... .......##
#...# . ###.....#
...## #####..## #...#
........# ...##
###.....# ..##


There were no monsters in sight!

Vanquished Creatures
  A water moccasin skeleton (D:3)
  Crazy Yiuf (D:2)
  Jessica (D:2)
  Ijyb (D:3)
  3 adders
  3 worms
  A dart slug (D:2)
  5 endoplasms
  3 giant cockroaches
  7 goblins
  4 hobgoblins
  A jackal (D:1)
  9 kobolds
  5 quokkas
  3 ball pythons
  11 bats
  A frilled lizard (D:1)
  7 rats
67 creatures vanquished.

Vanquished Creatures (others)
  A fungus (D:2)
  5 plants (D:1)
6 creatures vanquished.

Grand Total: 73 creatures vanquished

Notes
Turn   | Place    | Note
-------+----------+-------------------------------------------
     0 | D:1      | porpoise the Djinni Venom Mage began the quest for the Orb.
     0 | D:1      | Reached XP level 1. HP: 15/15 MP: 0/0
     1 | D:1      | Found a runed translucent door.
     2 | D:1      | Noticed a jelly
   148 | D:1      | Found a faded altar of an unknown god.
   435 | D:1      | Reached skill level 1 in Fighting
   435 | D:1      | Reached XP level 2. HP: 20/22 MP: 0/0
   551 | D:1      | Reached skill level 3 in Spellcasting
  1188 | D:1      | Reached XP level 3. HP: 22/28 MP: 0/0
  1188 | D:1      | Learned a level 1 spell: Apportation
  2152 | D:2      | Noticed Jessica
  2154 | D:2      | Killed Jessica
  2155 | D:2      | Reached XP level 4. HP: 27/34 MP: 0/0
  3136 | D:2      | Found a runed translucent door.
  3137 | D:2      | Noticed Crazy Yiuf
  3142 | D:2      | Killed Crazy Yiuf
  3143 | D:2      | Reached XP level 5. HP: 35/40 MP: 0/0
  3143 | D:2      | Learned a level 2 spell: Slow
  3251 | D:3      | Noticed Grinder
  3422 | D:3      | Reached skill level 4 in Spellcasting
  3470 | D:3      | Noticed Ijyb
  3472 | D:3      | Killed Ijyb
  3525 | D:3      | Reached XP level 6. HP: 33/47 MP: 0/0
  3732 | D:3      | Noticed Sigmund
  3751 | D:3      | HP: 2/47 [something (3)]
  3753 | D:3      | Killed from afar by Sigmund

Illustrated notes

Levels and vault maps discovered:
D:1:      dpeg_arrival_caged_fury, layout_loops_ring,
          hellmonk_ecumenical_altar_crossroads, serial_bayou_pond_b,
          minmay_pentomino_z4
D:2:      layout_basic, uniq_jessica, uniq_crazy_yiuf_cottage
D:3:      layout_rooms, serial_curves, eino_curves_02, eino_curves_03,
          eino_curves_03, eino_curves_02, uniq_ijyb, uniq_grinder, uniq_sigmund

Skill      XL: |  1  2  3  4  5 |
---------------+----------------+-----
Fighting       | 1 2 3 |  3.8
Spellcasting   | 3 4 |  4.3
Dodging        | |  2.1
Stealth        | |  1.5

Action                   |  1- 3 |  4- 6 || total
-------------------------+-------+-------++-------
Melee: Dagger            |     2 |       ||     2
       Spear             |    35 |    28 ||    63
 Cast: Sting             |    43 |    11 ||    54
       Poisonous Vapours |    10 |    31 ||    41
       Ignite Poison     |     1 |     7 ||     8
       Mephitic Cloud    |       |     2 ||     2
 Stab: Sleeping          |     1 |     1 ||     2
Armor: Robe              |     4 |     9 ||    13
Dodge: Dodged            |    36 |    22 ||    58

Table legend: (Time is in decaauts)
 A = Elapsed time spent in this place.
 B = Non-inter-level travel time spent in this place.
 C = Inter-level travel time spent in this place.
 D = Time resting spent in this place.
 E = Time spent auto-exploring this place.
 F = Levels seen in this place.
 G = Mean time per level.
                   A        B        C        D        E       F      G
               +--------+--------+--------+--------+--------+-----+--------+
         Total |   3758 |   3715 |     43 |   1494 |   1766 |   3 | 1252.7 |
       Dungeon |   3758 |   3715 |     43 |   1494 |   1766 |   3 | 1252.7 |
               +--------+--------+--------+--------+--------+-----+--------+

Top non-repeatable levels by time:
     D:2: 1621 daAuts
     D:1: 1602 daAuts
     D:3: 535 daAuts
